 Dungeon Sprint DCSS version 0.30-a0-802-gb92711bcdf (webtiles) character file.

Game seed: 2985611671117072476

9100000 BigDaddyOpFi the Invulnerable (level 27, -2/228 HPs)
             Began as a Djinni Warper on Feb 23, 2023.
             Was the Champion of Makhleb.
             Killed by the air
             ... invoked by a tyrant
              (11 damage)
             ... in the Dungeon (Sprint VIII: "Arena of Blood").
             The game lasted 00:02:01 (91 turns).

BigDaddyOpFi the Invulnerable (Djinni Warper)         Turns: 91, Time: 00:02:02

Health: -2/228     AC:  6    Str: 10    XL:     27
Gold:   0          EV: 38    Int: 15    God:    Makhleb [******] SH:  0 Dex: 27

rFire   + + .      SeeInvis .    h - +∞ Axe of Woe
rCold   x . .      Faith    .    (shield currently unavailable)
rNeg    . . .      Spirit   .    a - +0 leather armour
rPois   ∞          Reflect  .    (no helmet)
rElec   .          Harm     .    (no cloak)
rCorr   .          Rampage  .    (no gloves)
Will    ++...      NoTele   +    (boots unavailable)
Stlth   ++++++++++               (no amulet)
HPRegen 0.58/turn                (no ring)
MPRegen 0.00/turn                (no ring)

@: on death's door cooldown, flying, slowed, very slow
A: sickness immunity, fire resistance 2, cold vulnerability 1, float, innate
caster, HP casting, extra vitality 1
a: Renounce Religion, Minor Destruction, Lesser Servant of Makhleb, Major
Destruction, Greater Servant of Makhleb


You were in the Dungeon.
You worshipped Makhleb.
Makhleb was exalted by your worship.
You visited 1 branch

Inventory:

Hand Weapons
 h - the +∞ Axe of Woe (weapon)
   (You found it in the Dungeon)
Missiles
 c - 7 boomerangs of dispersal (quivered)
Armour
 a - a +0 leather armour (worn)
Scrolls
 b - 2 scrolls of blinking
Potions
 d - a potion of curing
 e - a potion of heal wounds
 f - a potion of haste
 g - a potion of berserk rage


   Skills:
 O Level 27 Fighting
 O Level 27 Short Blades
 O Level 27 Long Blades
 O Level 27 Axes
 O Level 27 Maces & Flails
 O Level 27 Polearms
 O Level 27 Staves
 O Level 27 Ranged Weapons
 O Level 27 Throwing
 O Level 27 Armour
 O Level 27 Dodging
 O Level 27 Stealth
 O Level 27 Shields
 O Level 27 Unarmed Combat
 O Level 27 Spellcasting
 O Level 27 Invocations
 O Level 27 Evocations


You knew the following spells:

 Your Spells              Type           Power      Damage    Failure   Level
a - Blink                 Tloc           100%       N/A       0%          2
b - Lesser Beckoning      Tloc           100%       N/A       0%          2
c - Vhi's Electric Charg  Tloc/Air       100%       N/A       0%          3
d - Teleport Other        Tloc           79%        N/A       0%          3
e - Manifold Assault      Tloc           79%        N/A       0%          4
f - Freeze                Ice            100%       1d10      0%          1
g - Static Discharge      Conj/Air       100%       2-7/arc   0%          2
h - Dazzling Flash        Conj/Hex       100%       N/A       0%          3
i - Hailstorm             Conj/Ice       79%        3d16      0%          3
j - Metabolic Englaciati  Hex/Ice        39%        N/A       0%          5
k - Iskenderun's Battles  Conj           79%        2d13      0%          5
l - Iron Shot             Conj/Erth      39%        9d8       0%          6
m - Spellforged Servitor  Conj/Summ      39%        N/A       1%          7
n - Simulacrum            Ice/Necr       39%        N/A       0%          6
o - Summon Horrible Thin  Summ           39%        N/A       1%          8
p - Dragon Form           Tmut           39%        N/A       1%          7
q - Chain Lightning       Conj/Air       39%        3d52      3%          9
r - Death's Door          Necr           39%        N/A       3%          9
Your spell library was empty.

Dungeon Overview and Level Annotations

Branches:
Dungeon (1/1)

Altars:
Makhleb


Innate Abilities, Weirdness & Mutations

You are immune to sickness and miasma.
You are immune to poison.
Your flesh is very heat resistant. (rF++)
You are vulnerable to cold. (rC-)
You float through the air rather than walking.
You learn spells naturally, not from books.
Your magical power is your life essence.
You have superior vitality. (+4 MHP)


Message History

You slice the meat beast!!
You hew the meat beast savagely.
You kill the meat beast!
Makhleb accepts your kill.
You hear a shout! x8
A dread comes into view.
The accursed casts a spell at you. Something smites you!
You feel something staring at you. Something smites you!
The destroyer points at you and mumbles some strange words.
The destroyer blinks!
You feel something staring at you.
A bolt of fire appears from out of thin air!
Deactivating autopickup; reactivate with Ctrl-A.
The bolt of fire hits you! You resist.
You hear a bark!
You hear a shout! x2
Unknown command.
You chop the bag of meat into pieces!!!
You fatally mangle the bag of meat.
You blow up the bag of meat!
Makhleb accepts your kill.
You hit something.
You dissect something like a pig carcass.
Makhleb accepts your kill.
Reactivating autopickup.
You feel a bit more experienced.
You slash something!
You dissect something like a pig carcass.
Makhleb accepts your kill.
You feel a bit more experienced.
You slice the destroyer!!
You hew the destroyer savagely.
You destroy the destroyer!
Makhleb accepts your kill.
Your life is in your own hands again!
You hear a shout!
A meat beast comes into view.
You hear a shout! x3
A meat berserker comes into view. It is wielding a +9 battleaxe.
A bag of meat comes into view. It is wielding a +9 war axe.
The tyrant waves its bony arms in wide circles.
The air twists around and strikes you!
You die...

°° ..... #..
..o# #.. ...# .
.###.D ...###..
.....o###......
....O._.....
#§§)).# #§)<)_#
#§)@).#
.....M§)§)......
.O2..L§###......
..###§§ ...###..
. #.. ...# . #M.
...#


oX. ..... D... W. You could see an accursed, a meat beast (fast), a tyrant
(fast), an eight-headed meat hydra, a large bag of meat (inner flame), a dread,
a meat berserker (berserk) and 2 bags of meat.

Vanquished Creatures
  6 hell beasts (D)
  3 royal mummies (D)
  2 great orbs of eyes (D)
  5 wraiths (D)
  Harold (D)
  11 vampire knights (D)
  26 ogres (D)
  4 two-headed ogres (D)
  3 liches (D)
  2 hydras (D)
  28 orcs (D)
  6 skeletal warriors (D)
97 creatures vanquished.

Vanquished Creatures (others)
  An ogre (D)
  A two-headed ogre (D)
  2 orcs (D)
4 creatures vanquished.

Grand Total: 101 creatures vanquished

Notes
Turn   | Place    | Note
-------+----------+-------------------------------------------
     0 | D        | Found the +∞ Axe of Woe
     0 | D        | BigDaddyOpFi the Djinni Warper began the quest for the Orb.
     0 | D        | BigDaddyOpFi set off with the following spells memorised:
                  | Blink, Lesser Beckoning, Vhi's Electric Charge, Teleport
                  | Other, Manifold Assault.
     0 | D        | Reached XP level 1. HP: 18/18 MP: 0/0
     3 | D        | Noticed a bag of meat
     4 | D        | Became a worshipper of Makhleb the Destroyer
     5 | D        | Noticed a bag of meat
     9 | D        | Noticed a meat berserker
    10 | D        | Killed a bag of meat
    11 | D        | Reached XP level 2. HP: 33/33 MP: 0/0
    11 | D        | Reached XP level 3. HP: 38/38 MP: 0/0
    11 | D        | Learned a level 1 spell: Freeze
    11 | D        | Reached XP level 4. HP: 44/44 MP: 0/0
    11 | D        | Reached XP level 5. HP: 49/49 MP: 0/0
    11 | D        | Learned a level 2 spell: Static Discharge
    11 | D        | Reached XP level 6. HP: 55/55 MP: 0/0
    11 | D        | Reached XP level 7. HP: 60/60 MP: 0/0
    11 | D        | Learned a level 3 spell: Dazzling Flash
    11 | D        | Reached XP level 8. HP: 66/66 MP: 0/0
    11 | D        | Reached XP level 9. HP: 71/71 MP: 0/0
    11 | D        | Learned a level 3 spell: Hailstorm
    11 | D        | Reached XP level 10. HP: 77/77 MP: 0/0
    11 | D        | Reached XP level 11. HP: 82/82 MP: 0/0
    11 | D        | Learned a level 5 spell: Metabolic Englaciation
    11 | D        | Killed a bag of meat
    11 | D        | Reached * piety under Makhleb
    12 | D        | Reached skill level 10 in Fighting
    12 | D        | Reached skill level 10 in Dodging
    12 | D        | Reached skill level 10 in Unarmed Combat
    12 | D        | Reached XP level 12. HP: 91/91 MP: 0/0
    12 | D        | Noticed a bag of meat
    12 | D        | Noticed a bag of meat
    13 | D        | Killed a meat berserker
    13 | D        | Noticed a meat berserker
    13 | D        | Noticed a bag of meat
    14 | D        | Reached skill level 15 in Armour
    14 | D        | Reached skill level 10 in Stealth
    14 | D        | Reached XP level 13. HP: 47/99 MP: 0/0
    14 | D        | Learned a level 5 spell: Iskenderun's Battlesphere
    14 | D        | Noticed a bag of meat
    15 | D        | Killed a bag of meat
    15 | D        | Noticed a meat berserker
    15 | D        | Noticed a bag of meat
    15 | D        | Noticed a bag of meat
    16 | D        | Reached skill level 10 in Axes
    16 | D        | Reached skill level 10 in Throwing
    16 | D        | Reached XP level 14. HP: 74/107 MP: 0/0
    17 | D        | Noticed a bag of meat
    17 | D        | Killed a meat berserker
    17 | D        | Reached ** piety under Makhleb
    17 | D        | Noticed a bag of meat
    17 | D        | Noticed a meat berserker
    17 | D        | Noticed a destroyer
    18 | D        | Reached skill level 10 in Spellcasting
    18 | D        | Killed a bag of meat
    18 | D        | Killed a bag of meat
    19 | D        | Reached skill level 15 in Dodging
    19 | D        | Reached XP level 15. HP: 18/117 MP: 0/0
    19 | D        | Learned a level 6 spell: Iron Shot
    19 | D        | Killed a meat berserker
    19 | D        | Reached *** piety under Makhleb
    19 | D        | Killed a destroyer
    20 | D        | Reached skill level 15 in Invocations
    20 | D        | Reached XP level 16. HP: 41/128 MP: 0/0
    20 | D        | Reached **** piety under Makhleb
    20 | D        | Noticed a meat berserker
    20 | D        | Noticed a large bag of meat
    21 | D        | Reached XP level 17. HP: 72/134 MP: 0/0
    21 | D        | Learned a level 7 spell: Spellforged Servitor
    22 | D        | Reached skill level 15 in Stealth
    22 | D        | Killed a meat berserker
    23 | D        | Reached ***** piety under Makhleb
    23 | D        | Noticed a destroyer
    23 | D        | Noticed a meat berserker
    24 | D        | Reached skill level 15 in Axes
    24 | D        | Reached skill level 15 in Throwing
    24 | D        | Noticed a large bag of meat
    24 | D        | Killed a meat berserker
    24 | D        | Noticed a destroyer
    24 | D        | Noticed a meat berserker
    24 | D        | Noticed a meat berserker
    24 | D        | Noticed a destroyer
    25 | D        | Reached XP level 18. HP: 106/146 MP: 0/0
    25 | D        | Killed a destroyer
    25 | D        | Noticed a meat berserker
    26 | D        | Reached skill level 15 in Spellcasting
    26 | D        | Killed a large bag of meat
    26 | D        | Noticed a meat berserker
    27 | D        | Reached XP level 19. HP: 143/154 MP: 0/0
    27 | D        | Learned a level 6 spell: Simulacrum
    27 | D        | Noticed a destroyer
    27 | D        | Noticed The Servant
    28 | D        | Killed a destroyer
    28 | D        | Killed a meat berserker
    29 | D        | Reached skill level 27 in Armour
    29 | D        | Killed a meat berserker
    29 | D        | Killed a destroyer
    29 | D        | Reached ****** piety under Makhleb
    29 | D        | Killed a destroyer
    30 | D        | Reached XP level 20. HP: 161/169 MP: 0/0
    30 | D        | Killed a meat berserker
    30 | D        | Killed a large bag of meat
    30 | D        | Killed a meat berserker
    31 | D        | Reached XP level 21. HP: 167/179 MP: 0/0
    31 | D        | Learned a level 8 spell: Summon Horrible Things
    32 | D        | Noticed a meat berserker
    33 | D        | Killed a meat berserker
    34 | D        | Reached skill level 27 in Dodging
    35 | D        | Killed The Servant
    35 | D        | Noticed a meat berserker
    36 | D        | Reached XP level 22. HP: 76/191 MP: 0/0
    36 | D        | Noticed a meat berserker
    37 | D        | Killed a meat berserker
    37 | D        | Noticed a large bag of meat
    39 | D        | Killed a meat berserker
    39 | D        | Noticed a destroyer
    41 | D        | Reached skill level 27 in Fighting
    41 | D        | Reached skill level 27 in Unarmed Combat
    41 | D        | Reached skill level 27 in Invocations
    41 | D        | Noticed a destroyer
    41 | D        | Killed a meat berserker
    42 | D        | Noticed a destroyer
    42 | D        | Noticed a meat berserker
    43 | D        | Noticed a meat berserker
    45 | D        | Reached XP level 23. HP: 200/201 MP: 0/0
    45 | D        | Learned a level 7 spell: Dragon Form
    45 | D        | Killed a large bag of meat
    45 | D        | Killed a destroyer
    45 | D        | Noticed a large bag of meat
    45 | D        | Noticed a destroyer
    46 | D        | Reached skill level 27 in Stealth
    47 | D        | Reached skill level 27 in Axes
    47 | D        | Reached skill level 27 in Throwing
    47 | D        | Noticed a tyrant
    48 | D        | Noticed a destroyer
    49 | D        | Reached skill level 27 in Spellcasting
    49 | D        | Killed a destroyer
    50 | D        | Reached skill level 15 in Maces & Flails
    50 | D        | Reached skill level 15 in Polearms
    50 | D        | Reached XP level 24. HP: 204/208 MP: 0/0
    50 | D        | Killed a destroyer
    50 | D        | Noticed an accursed
    51 | D        | Noticed a tyrant
    52 | D        | Killed a destroyer
    55 | D        | Reached XP level 25. HP: 197/214 MP: 0/0
    55 | D        | Learned a level 9 spell: Chain Lightning
    55 | D        | Noticed a meat beast
    55 | D        | Killed a tyrant
    57 | D        | Killed a large bag of meat
    58 | D        | Reached skill level 27 in Maces & Flails
    58 | D        | Reached skill level 27 in Polearms
    58 | D        | Killed a destroyer
    58 | D        | Noticed a meat beast
    59 | D        | Reached XP level 26. HP: 217/221 MP: 0/0
    60 | D        | Killed a meat beast
    61 | D        | Reached skill level 27 in Staves
    61 | D        | Reached skill level 10 in Shields
    61 | D        | Reached skill level 10 in Evocations
    62 | D        | Reached skill level 10 in Ranged Weapons
    62 | D        | Noticed a dread
    62 | D        | Noticed a dread
    64 | D        | Reached XP level 27. HP: 228/228 MP: 0/0
    64 | D        | Learned a level 9 spell: Death's Door
    64 | D        | Noticed a meat beast
    64 | D        | Noticed an accursed
    64 | D        | Noticed a dread
    66 | D        | Noticed an accursed
    67 | D        | Reached skill level 15 in Ranged Weapons
    67 | D        | Killed a meat beast
    67 | D        | Killed a meat beast
    68 | D        | Noticed a dread
    69 | D        | Killed a dread
    71 | D        | Reached skill level 27 in Shields
    71 | D        | Reached skill level 27 in Evocations
    71 | D        | Killed a dread
    72 | D        | Reached skill level 27 in Short Blades
    72 | D        | Reached skill level 27 in Long Blades
    72 | D        | Killed an accursed
    72 | D        | Noticed a meat beast
    73 | D        | Reached skill level 27 in Ranged Weapons
    74 | D        | Killed an accursed
    77 | D        | Noticed a tyrant
    81 | D        | Noticed a meat beast
    81 | D        | Noticed a dread
    82 | D        | Noticed a destroyer
    82 | D        | Noticed an accursed
    83 | D        | Noticed a tyrant
    83 | D        | Killed a dread
    83 | D        | Killed a tyrant
    84 | D        | Killed an accursed
    84 | D        | Killed a meat beast
    84 | D        | Noticed a meat beast
    85 | D        | Killed a dread
    85 | D        | Killed a meat beast
    85 | D        | Killed a large bag of meat
    86 | D        | Noticed a meat beast
    86 | D        | Noticed a large bag of meat
    86 | D        | Noticed an accursed
    87 | D        | Noticed an accursed
    88 | D        | Killed a tyrant
    90 | D        | Killed a dread
    90 | D        | Killed a meat beast
    90 | D        | Noticed a dread
    91 | D        | Killed a destroyer
    91 | D        | Noticed a meat beast
    91 | D        | Killed from afar by a tyrant

Illustrated notes

Levels and vault maps discovered:
D:        meatsprint

Skill      XL: |  1  2  3  4  5  6  7  8  9 10 11 12 13 14 15 16 17 18 19 20 21 22 23 24 25 26 27 |
---------------+----------------------------------------------------------------------------------+-----
Fighting       | 8 10 11 12 14 16 18 19 22 24 25 27 | 27.0
Axes           | 7 8 9 10 11 13 15 16 19 20 22 24 27 | 27.0
Throwing       | 7 8 9 10 11 13 15 16 19 20 22 24 27 | 27.0
Armour         | 11 13 15 16 19 21 22 24 26 27 | 27.0
Dodging        | 9 10 12 13 15 17 19 21 24 26 27 | 27.0
Stealth        | 7 8 10 11 12 14 16 18 21 22 24 26 27 | 27.0
Unarmed Combat | 8 10 11 12 14 16 18 19 22 24 26 27 | 27.0
Spellcasting   | 6 8 9 11 12 13 14 15 18 19 20 23 27 | 27.0
Invocations    | 8 9 11 12 13 15 16 18 19 22 24 25 27 | 27.0
Maces & Flails | 15 23 27 | 27.0
Polearms       | 15 23 27 | 27.0
Staves         | 22 27 | 27.0
Short Blades   | 13 27 | 27.0
Long Blades    | 13 27 | 27.0
Ranged Weapons | 12 27 | 27.0
Shields        | 14 27 | 27.0
Evocations     | 14 27 | 27.0

Action                     |  1- 3 |  4- 6 |  7- 9 | 10-12 | 13-15 | 16-18 | 19-21 | 22-24 | 25-27 || total
---------------------------+-------+-------+-------+-------+-------+-------+-------+-------+-------++-------
  Melee: Executioner's axe |     1 |       |       |     2 |     4 |     7 |     5 |    14 |    29 ||    62
   Cast: Death's Door      |       |       |       |       |       |       |       |       |     1 ||     1
  Dodge: Dodged            |       |       |       |       |       |     2 |     1 |     1 |     6 ||    10

Table legend: (Time is in decaauts)
 A = Elapsed time spent in this place.
 B = Non-inter-level travel time spent in this place.
 C = Inter-level travel time spent in this place.
 D = Time resting spent in this place.
 E = Time spent auto-exploring this place.
 F = Levels seen in this place.
 G = Mean time per level.
                   A        B        C        D        E       F      G
               +--------+--------+--------+--------+--------+-----+--------+
         Total |     89 |     89 |      0 |      0 |      0 |   1 |   89.0 |
       Dungeon |     89 |     89 |      0 |      0 |      0 |   1 |   89.0 |
               +--------+--------+--------+--------+--------+-----+--------+

Top non-repeatable levels by time:
       D: 89 daAuts
